 Dungeon Crawl Stone Soup version 0.30-a0-476-g330ca2eb8e (webtiles) character file.

Game seed: 10622291987734652684

402 bande the Covered (level 6, -1/39 HPs)
             Began as a Gargoyle Fighter on Dec 22, 2022.
             Was a Follower of Okawaru.
             Slain by Edmund
             ... wielding a +2 vorpal flail
              (2 damage)
             ... on level 4 of the Dungeon.
             The game lasted 00:04:53 (3352 turns).

bande the Covered (Gargoyle Fighter)                Turns: 3352, Time: 00:04:54

Health: -1/39      AC: 15    Str: 19    XL:     6   Next: 85%
Magic:  7/7        EV:  7    Int:  9    God:    Okawaru [*.....]
Gold:   469        SH:  4    Dex: 11    Spells: 5/5 levels left

rFire   . . .      SeeInvis .    a - +1 war axe (chaos)
rCold   . . .      Faith    .    c - +0 buckler
rNeg    + . .      Spirit   .    o - +0 chain mail
rPois   ∞          Reflect  .    (no helmet)
rElec   +          Harm     .    (no cloak)
rCorr   .          Rampage  .    i - +0 pair of gloves
Will    .....                    (no boots)
Stlth   ..........               (no amulet)
HPRegen 0.26/turn                (no ring)
MPRegen 0.10/turn                (no ring)

@: no status effects
A: sickness immunity, AC +4, negative energy resistance 1, electricity
resistance, torment resistance 1, petrification resistance
a: Renounce Religion, Heroism


You were on level 4 of the Dungeon.
You worshipped Okawaru.
Okawaru was aware of your devotion.
You visited 1 branch of the dungeon, and saw 4 of its levels.

You collected 469 gold pieces.

Inventory:

Hand Weapons
 a - a +1 war axe of chaos (weapon)
 h - a +0 flail
Armour
 c - a +0 buckler (worn)
 i - a +0 pair of gloves (worn)
 o - a +0 chain mail (worn)
Jewellery
 b - a ring of ice
Wands
 n - a wand of iceblast (3)
Scrolls
 e - a scroll of enchant weapon
 f - 3 scrolls of teleportation
 j - a scroll of identify
Potions
 d - a potion of might
 g - a potion of curing


   Skills:
 + Level 4.3 Fighting
 + Level 4.2 Axes
 + Level 4.6 Armour
 - Level 0.2 Stealth
 + Level 3.9 Shields
 * Level 1.9 Invocations
 * Level 1.5 Evocations


You had 5 spell levels left.
You didn't know any spells.
Your spell library contained the following spells:

 Spells                   Type           Power      Damage    Failure   Level
 Poisonous Vapours        Pois/Air       0%         N/A       100%        2
 Gell's Gravitas          Tloc           0%         N/A       100%        3
 Ignite Poison            Fire/Tmut/Pois 0%         N/A       100%        3
 Kindle Blastsparks       Fire/Tloc/Air  0%         2d10      100%        3
 Lesser Beckoning         Tloc           0%         N/A       100%        3
 Mephitic Cloud           Conj/Pois/Air  0%         N/A       100%        3
 Teleport Other           Tloc           0%         N/A       100%        3
 Freezing Cloud           Conj/Ice/Air   0%         6-21      100%        5
 Cigotuvi's Dreadful Rot  Necr/Pois/Air  Unusable   N/A       N/A         2

Dungeon Overview and Level Annotations

Branches:
Dungeon (4/15)
 Temple: D:4-7

Altars:
Elyvilon
Okawaru
Ru
Vehumet
Yredelemnul

Annotations:
D:4 Edmund


Innate Abilities, Weirdness & Mutations

You are immune to sickness and miasma.
Your stone body is resilient. (AC +4)
You are immune to poison.
You resist negative energy. (rN+)
You are resistant to electric shocks. (rElec)
You are resistant to unholy torment.
You are immune to petrification.


Message History

Edmund is heavily wounded.
Edmund hits you but does no damage.
You hit Edmund.
Edmund is heavily wounded.
Edmund hits you but does no damage.
You feel much better.
Edmund says, "Everyone always remembers my brother. 'Who's Edmund?' they ask!"
Edmund hits you with a +2 vorpal flail!
You barely miss Edmund.
Edmund is heavily wounded.
Edmund hits you but does no damage. Edmund hits you with a +2 vorpal flail.
You barely miss Edmund.
Edmund is heavily wounded.
Edmund closely misses you.
You barely miss Edmund.
Edmund is heavily wounded.
You block Edmund's attack.
You hit Edmund. You freeze Edmund.
Edmund is heavily wounded.
Edmund hits you with a +2 vorpal flail. Edmund hits you but does no damage.
You closely miss Edmund.
Edmund is heavily wounded.
You block Edmund's attack.
You barely miss Edmund.
Edmund is heavily wounded.
Edmund closely misses you.
You barely miss Edmund.
Edmund is heavily wounded.
You block Edmund's attack.
Edmund says, "People will remember me!
They'll remember me and die!"
Edmund hits you with a +2 vorpal flail!
* * * LOW HITPOINT WARNING * * *
x2 You hit Edmund.
Edmund is heavily wounded.
Edmund closely misses you.
You slash Edmund!
Edmund is severely wounded.
Edmund hits you with a +2 vorpal flail.
* * * LOW HITPOINT WARNING * * *
You die...

,,,,*,,,,,* *,####***#.####.
*,***,,,,,****** *,.)....##..#...
,,***,,,,,**,,,***,......##..#...
,,,,,,,,,,,+,,,+,,^..........###~
*******,*###,,,***,#####...#.!...
*,*,,,,,,....,,***,* #...#...#.
,,*+*,,,,.....,+,,,* #...#...##
,,,,,,*,,......#########...#...#.
,,,,,,,,,,#....@@..........#.....
,,,,,****,#....#########.....###~
,,,,,* *,#...,** #.....#...
,,,,,* *,#..,,,########.....#...
,,,,,* *,##***,#...........####.
****** *,*****,#............#...
*,,,,,,,#............#...
********#.....####+..##.# #######
#........


You could see Edmund.

Vanquished Creatures
  A water moccasin (D:4)
  The ghost of ryw the Ruffian, an amateur TrGl (D:3)
  A kobold brigand (D:4)
  2 iguanas
  3 adders
  A worm (D:2)
  A dart slug (D:1)
  3 bats
  8 endoplasms
  7 goblins
  5 hobgoblins
  3 jackals (D:2)
  6 quokkas
  7 ball pythons
  7 kobolds
  4 rats
60 creatures vanquished.

Vanquished Creatures (others)
  3 withered plants (D:1)
3 creatures vanquished.

Grand Total: 63 creatures vanquished

Notes
Turn   | Place    | Note
-------+----------+-------------------------------------------
     0 | D:1      | bande the Gargoyle Fighter began the quest for the Orb.
     0 | D:1      | Reached XP level 1. HP: 14/14 MP: 1/1
    49 | D:1      | Reached XP level 2. HP: 19/19 MP: 2/2
   439 | D:1      | Reached XP level 3. HP: 24/24 MP: 3/3
   477 | D:1      | Found a faded altar of an unknown god.
  1096 | D:2      | Reached XP level 4. HP: 25/29 MP: 4/4
  1584 | D:3      | HP: 1/29 [iguana (11)]
  2014 | D:3      | Found a runed translucent door.
  2025 | D:3      | Noticed ryw's ghost (amateur TrGl)
  2082 | D:3      | Found a radiant altar of Vehumet.
  2384 | D:3      | Found a basalt altar of Yredelemnul.
  2526 | D:3      | Found an iron altar of Okawaru.
  2543 | D:3      | Became a worshipper of Warmaster Okawaru
  2860 | D:3      | Killed ryw's ghost
  2860 | D:3      | Reached * piety under Okawaru
  2861 | D:3      | Reached skill level 1 in Invocations
  2861 | D:3      | Reached XP level 5. HP: 18/33 MP: 5/5
  2967 | D:4      | Found a white marble altar of Elyvilon.
  2990 | D:4      | Noticed a kobold brigand
  2992 | D:4      | Noticed a water moccasin
  2996 | D:4      | Killed a kobold brigand
  2997 | D:4      | Reached skill level 1 in Evocations
  2997 | D:4      | Reached XP level 6. HP: 29/38 MP: 5/7
  3010 | D:4      | Killed a water moccasin
  3158 | D:4      | Found a sacrificial altar of Ru.
  3329 | D:4      | Noticed Edmund
  3352 | D:4      | HP: 1/39 [Edmund/+2 vorpal flail (5)]
  3352 | D:4      | Slain by Edmund

Illustrated notes

Levels and vault maps discovered:
D:1:      kennysheep_arrival_forest, layout_rooms, shapermc_ecumenical_altar_gd,
          minmay_octomino_e4
D:2:      layout_basic, dreamdust_wishing_well, moated_statue,
          kennysheep_generic_room_4
D:3:      layout_basic, okawaru_gym_becter, mainiacjoe_overflow_alcove_2,
          vehumet_crystals, ebering_ghost_sewer_d, patterned_corridor
D:4:      layout_basic, nicolae_elyvilon_peaceful_grove, hangedman_ru_absence,
          uniq_edmund

Skill      XL: |  1  2  3  4  5  6 |
---------------+-------------------+-----
Axes           | 2 3 4 |  4.2
Armour         | 4 |  4.6
Fighting       | 4 |  4.3
Invocations    | 1 |  1.9
Evocations     | 1 |  1.5
Stealth        | |  0.2
Shields        | |  3.9

Action                   |  1- 3 |  4- 6 || total
-------------------------+-------+-------++-------
Melee: War axe           |    80 |   113 ||   193
  Use: Scroll            |       |     8 ||     8
       Potion            |       |     1 ||     1
Armor: Scale mail        |    45 |    18 ||    63
       Chain mail        |       |    21 ||    21
Dodge: Dodged            |    38 |    42 ||    80
Block: Buckler           |    21 |    34 ||    55

Table legend: (Time is in decaauts)
 A = Elapsed time spent in this place.
 B = Non-inter-level travel time spent in this place.
 C = Inter-level travel time spent in this place.
 D = Time resting spent in this place.
 E = Time spent auto-exploring this place.
 F = Levels seen in this place.
 G = Mean time per level.
                   A        B        C        D        E       F      G
               +--------+--------+--------+--------+--------+-----+--------+
         Total |   3433 |   3393 |     40 |    728 |   2108 |   4 |  858.2 |
       Dungeon |   3433 |   3393 |     40 |    728 |   2108 |   4 |  858.2 |
               +--------+--------+--------+--------+--------+-----+--------+

Top non-repeatable levels by time:
     D:3: 1387 daAuts
     D:1: 937 daAuts
     D:2: 676 daAuts
     D:4: 432 daAuts
